 Dungeon Crawl Stone Soup version 0.31-a0-702-gf82c85558f (webtiles) character file.

Game seed: 13533544349159564437

7 IdlyInterested the Trooper (level 1, 0/18 HPs)
             Began as a Demonspawn Monk on Sept 8, 2023.
             Slain by a cerulean imp
             ... wielding a +0 spear
             ... summoned by Natasha
              (2 damage)
             ... on level 2 of the Dungeon.
             The game lasted 00:00:39 (223 turns).

IdlyInterested the Trooper (Demonspawn Monk)         Turns: 223, Time: 00:00:40

Health: 0/18       AC:  2    Str: 11    XL:     1   Next: 83%
Magic:  1/1        EV: 12    Int: 11    God:
Gold:   0          SH:  0    Dex: 15    Spells: 0/0 levels left

rFire   . .          .
                       - Unarmed
rCold   . . .        c - orb {light}
rNeg    . . .        a - +0 robe
rPois   .            (no helmet)
rElec   .            (no cloak)
rCorr   .            (no gloves)
SInv    .            (no boots)
Will    .....        (no amulet)
Stlth   +            (no ring)
HPRegen 0.23/turn    (no ring)
MPRegen 0.07/turn

%: no passive effects
@: glowing
A: no striking features
a: no special abilities


You were on level 2 of the Dungeon.
You visited 1 branch of the dungeon, and saw 2 of its levels.

Inventory:

Hand Weapons
 f - a +0 short sword
Missiles
 d - 10 stones
Armour
 a - a +0 robe (worn)
 c - an orb of light (worn)
 g - a +0 scale mail
Scrolls
 e - a scroll of brand weapon {unknown}
Potions
 b - a potion of ambrosia


   Skills:
 - Level 3.0 Fighting
 - Level 1.0 Armour
 - Level 2.6 Dodging
 * Level 0.1 Stealth
 + Level 2.8 Unarmed Combat


You couldn't memorise any spells.
You didn't know any spells.
Your spell library contained the following spells:

 Spells                   Type           Power      Damage    Failure   Level
 Ensorcelled Hibernation  Hex/Ice        0%         N/A       47%         2
 Passwall                 Tmut/Erth      0%         N/A       47%         2
 Swiftness                Air            0%         N/A       71%         3


Dungeon Overview and Level Annotations

Branches:
Dungeon (1/15)

Altars:

Annotations:
D:2 Natasha


Message History

You kill the kobold!
d - 10 stones (gained 2)
You see here a +0 short sword.
f - a +0 short sword You start resting.
HP restored.
A malevolent force fills the Dungeon...
You fall into a shaft and drop 1 floor!
The shaft crumbles and collapses.
You open the door.
There is an open door here.
You open the door.
There is an open door here.
You open the door.
There is an open door here.
Found a scale mail.
Natasha, Servant of Life and Death comes into view.
Natasha hisses angrily.
Natasha casts a spell at you. You resist with significant effort.
Found a stone staircase leading down.
Natasha casts a spell.
A dart slug comes into view.
You see here a +0 scale mail.
g - a +0 scale mail Natasha casts a spell at you.
The magic dart hits you.
The cerulean imp hits you from afar with a +0 spear.
The cerulean imp hits you from afar with a +0 spear.
Natasha howls an incantation.
Natasha's front paws start to glow.
The cerulean imp attacks as it pursues you!
The cerulean imp hits you from afar with a +0 spear.
You open the door.
The cerulean imp hits you but does no damage.
Natasha claws you!
* * * LOW HITPOINT WARNING * * *
The cerulean imp attacks as it pursues you!
The cerulean imp hits you from afar with a +0 spear.
You die...

#.##................#
. ..................#
...................#
....##..............#
..####....#+#########
............#
######......#
#.......###
#.....5.@.#
#.....h.#.#
#.......#.#
#.......#.#
...w......#.#
..........#.#
..........#.#
..........#.#
...>......#


You could see Natasha, a cerulean imp (summoned) and a dart slug.

Vanquished Creatures
  An endoplasm (D:1)
  A hobgoblin (D:1)
  2 quokkas (D:1)
  A frilled lizard (D:1)
  A kobold (D:1)
6 creatures vanquished.

Notes
Turn   | Place    | Note
-------+----------+-------------------------------------------
     0 | D:1      | IdlyInterested the Demonspawn Monk began the quest for the
                  | Orb.
     0 | D:1      | Reached XP level 1. HP: 18/18 MP: 1/1
   145 | D:1      | Reached skill level 1 in Armour
   177 | D:1      | You fall into a shaft and drop 1 floor!
   214 | D:2      | Noticed Natasha
   218 | D:2      | Noticed a cerulean imp
   223 | D:2      | Slain by a cerulean imp

Illustrated notes

Levels and vault maps discovered:
D:1:      dpeg_arrival_round_b, layout_rooms, reono_crystal_passage
D:2:      layout_basic, chequers_garden, nicolae_shop_vocational, uniq_natasha

Skill      XL: |  1 |
---------------+----+-----
Armour         | 1 |  1.0
Fighting       | |  3.0
Dodging        | |  2.6
Stealth        | |  0.1
Unarmed Combat | |  2.8

Action                     || total
---------------------------++-------
  Melee: Unarmed           ||    20
 Armour: Robe              ||    18
  Dodge: Dodged            ||     9

Table legend: (Time is in decaauts)
 A = Elapsed time spent in this place.
 B = Non-inter-level travel time spent in this place.
 C = Inter-level travel time spent in this place.
 D = Time resting spent in this place.
 E = Time spent auto-exploring this place.
 F = Levels seen in this place.
 G = Mean time per level.
                   A        B        C        D        E       F      G
               +--------+--------+--------+--------+--------+-----+--------+
         Total |    222 |    222 |      0 |     64 |     87 |   2 |  111.0 |
       Dungeon |    222 |    222 |      0 |     64 |     87 |   2 |  111.0 |
               +--------+--------+--------+--------+--------+-----+--------+

Top non-repeatable levels by time:
     D:1: 176 daAuts
     D:2: 45 daAuts
